 Dungeon Crawl Stone Soup version 0.31.0-11-ge490571c62 (webtiles) character file.

Game seed: 11464261166748213854

914 qw the Skirmisher (level 7, -3/35 HPs)
             Began as a Spriggan Hunter on Feb 3, 2024.
             Slain by an orc
             ... wielding a +0 trident
              (6 damage)
             ... on level 5 of the Dungeon.
             The game lasted 00:00:18 (3883 turns).

qw the Skirmisher (Spriggan Hunter)                 Turns: 3883, Time: 00:00:18

Health: -3/35      AC:  2    Str:  7    XL:     7   Next: 82%
Magic:  8/8        EV: 22    Int: 11    God:
Gold:   194        SH:  0    Dex: 20    Spells: 6/6 levels left

rFire   + . .        a - +2 shortbow
rCold   . . .        (shield currently unavailable)
rNeg    . . .        c - +0 robe
rPois   .            (helmet restricted)
rElec   .            (no cloak)
rCorr   .            (gloves unavailable)
SInv    +            (boots unavailable)
Will    ++...        (no amulet)
Stlth   ++           i - ring of protection from fire
HPRegen 0.25/turn    k - ring of willpower
MPRegen 0.11/turn

%: no passive effects
@: very quick
A: very small, no large weapons, unfitting armour, see invisible, speed 3
a: no special abilities


You were on level 5 of the Dungeon.
You visited 1 branch of the dungeon, and saw 5 of its levels.

You collected 194 gold pieces.


Innate Abilities, Weirdness & Mutations

You are very small and have problems with some larger weapons.
You are too small for most types of armour.
You have supernaturally acute eyesight. (SInv)
You cover ground extremely quickly. (Speed+++)


   Skills:
 + Level 2.4 Fighting
 - Level 8.0 Ranged Weapons
 - Level 7.2 Dodging
 - Level 1.5 Stealth


You had 6 spell levels left.
You didn't know any spells.
Your spell library was empty.

Inventory:

Hand Weapons
 a - a +2 shortbow (weapon)
Armour
 c - a +0 robe (worn)
Jewellery
 i - a ring of protection from fire (left hand)
 k - a ring of willpower (right hand)
Wands
 j - a wand of paralysis (6)
Scrolls
 d - a scroll of immolation {unknown}
 h - a scroll of enchant armour
Potions
 b - a potion of magic {unknown}
 f - a potion of might {unknown}
 m - a potion of lignification {unknown}
 n - a potion of enlightenment {unknown}

Dungeon Overview and Level Annotations

Branches:
Dungeon (5/15)
 Temple: D:4-7

Altars:

Shops:
D:2 =


Message History

The hound misses you. The hound barely misses you.
The orc completely misses you.
You shoot an arrow. The arrow closely misses the hound.
The arrow hits the orc wizard but does no damage.
The hound misses you.
An ogre comes into view. It is wielding a +0 giant club.
You shoot an arrow. The arrow barely misses the hound.
The arrow hits the orc.
The orc is lightly wounded.
The hound misses you. x2
You shoot an arrow. The arrow hits the hound!
You kill the hound!
The orc wizard misses you. The orc misses you.
You shoot an arrow. The arrow barely misses the orc.
The arrow barely misses the ogre.
The orc wizard misses you.
You shoot an arrow. The arrow barely misses the orc wizard.
The arrow hits the ogre!
The ogre is moderately wounded.
The sleepcap releases spores at you. The orc closely misses you.
The orc wizard completely misses you.
You shoot an arrow. The arrow barely misses the orc wizard.
The arrow hits the ogre.
The ogre is heavily wounded.
The orc closely misses you. The sleepcap barely misses you.
The orc wizard barely misses you.
The orc wizard hits you but does no damage.
You shoot an arrow. The arrow hits the orc wizard.
The orc wizard is lightly wounded.
The orc closely misses you. The sleepcap completely misses you.
The orc wizard barely misses you. x2
You shoot an arrow. The arrow hits the orc wizard.
The orc wizard is moderately wounded.
The orc misses you. The sleepcap closely misses you.
The orc wizard points at you and mumbles some strange words.
The magic dart hits you! The orc wizard misses you.
You shoot an arrow. The arrow hits the orc wizard!
You kill the orc wizard!
The sleepcap completely misses you.
The orc hits you from afar with a +0 trident.
You die...

......)>..).......... ...
...................# #...
###................##..##
# ###.........##.#.......
# .........#............
# .........#...#........
. <###.....#|.##.......$
. #..........#)O...... #
#........#.@fo...... #
.#..##.####oo...... #. #.
#.#.#.#.# .. .. ..#...# .
. ... ..##..# .... #.#
..# #.. #.. ... ..


You could see an ogre, a sleepcap, an orc wizard (invisible) and 2 orcs.

Vanquished Creatures
  2 ogres
  3 phantoms
  Blork the orc (D:4)
  A bombardier beetle (D:5)
  A hound (D:5)
  2 jellies (D:4)
  3 iguanas
  5 orc wizards
  5 adders
  2 dart slugs
  2 ribbon worms
  13 orcs
  7 ball pythons
  6 bats
  5 endoplasms
  3 giant cockroaches
  5 goblins
  11 hobgoblins
  7 jackals
  2 quokkas (D:1)
  2 frilled lizards
  4 kobolds
  8 rats
100 creatures vanquished.

Notes
Turn   | Place    | Note
-------+----------+-------------------------------------------
     0 | D:1      | qw the Spriggan Hunter began the quest for the Orb.
     0 | D:1      | Reached XP level 1. HP: 10/10 MP: 2/2
     0 | D:1      | 0 ||| qw: Version: 0.3-a-157-g843a77d
     0 | D:1      | 0 ||| qw: Game counter: 3742
     0 | D:1      | 0 ||| qw: Melee chars always use a shield: true
     0 | D:1      | 0 ||| qw: God list: Okawaru
     0 | D:1      | 0 ||| qw: Allow faded altars: false
     0 | D:1      | 0 ||| qw: Do Orc after clearing Dungeon:15 true
     0 | D:1      | 0 ||| qw: Do second Lair branch before Depths: true
     0 | D:1      | 0 ||| qw: Lair rune preference: random
     0 | D:1      | 0 ||| qw: Goals: Normal
     0 | D:1      | 0 ||| PLANNING D:1-11
    54 | D:1      | Found a faded altar of an unknown god.
    56 | D:1      | Reached skill level 3 in Dodging
    91 | D:1      | Reached XP level 2. HP: 14/14 MP: 3/3
   142 | D:1      | 142 ||| RETREEEEATING.
   146 | D:1      | 146 ||| RETREEEEATING.
   151 | D:1      | HP: 3/14 [constriction (1)]
   158 | D:1      | HP: 3/14 [goblin/+0 club (2)]
   370 | D:1      | Reached XP level 3. HP: 18/18 MP: 4/4
   600 | D:1      | 600 ||| READING scroll labelled ONGIWE LAORI.
   701 | D:1      | 701 ||| READING 3 scrolls labelled CAUL BOMUNI.
   701 | D:1      | 701 ||| IDENTIFYING scroll labelled KIVEBRE VEISOM
   702 | D:1      | 702 ||| READING 2 scrolls of identify.
   702 | D:1      | 702 ||| IDENTIFYING scroll labelled XIAFAONODO
   703 | D:1      | 703 ||| DROPPING scroll of butterflies.
   704 | D:1      | 704 ||| DROPPING scroll of torment.
   705 | D:1      | 705 ||| DROPPING scroll of revelation.
   913 | D:2      | 913 ||| FLEEEEING.
  1214 | D:2      | Found Qov Kivivve's Jewellery Shoppe.
  1222 | D:2      | Reached skill level 5 in Ranged Weapons
  1227 | D:2      | 1227 ||| SHOPLISTING +5 ring of evasion (396 gold, have
                  | 80).
  1227 | D:2      | 1227 ||| SHOPLISTING amulet of reflection (330 gold, have
                  | 80).
  1227 | D:2      | 1227 ||| SHOPLISTING ring of fire (275 gold, have 80).
  1227 | D:2      | 1227 ||| SHOPLISTING ring of ice (275 gold, have 80).
  1227 | D:2      | 1227 ||| SHOPLISTING ring of poison resistance (220 gold,
                  | have 80).
  1227 | D:2      | 1227 ||| SHOPLISTING ring of the Tortoise {AC+8} (1408
                  | gold, have 80).
  1227 | D:2      | 1227 ||| SHOPLISTING ring of willpower (275 gold, have 80).
  1455 | D:2      | Reached XP level 4. HP: 22/22 MP: 5/5
  1553 | D:2      | 1553 ||| UPGRADING to ring of protection from fire.
  1554 | D:2      | 1554 ||| READING scroll of identify.
  1554 | D:2      | 1554 ||| IDENTIFYING orange potion
  1555 | D:2      | 1555 ||| READING scroll labelled CAETEI WOIT.
  1555 | D:2      | 1555 ||| ENCHANTING +0 shortbow.
  1556 | D:2      | 1556 ||| READING scroll labelled NULIAKH POFYC.
  1557 | D:2      | 1557 ||| READING 2 scrolls labelled YKO YRCHYT HUI.
  1557 | D:2      | 1557 ||| ENCHANTING +1 shortbow.
  1558 | D:2      | 1558 ||| DROPPING potion of invisibility.
  1934 | D:3      | HP: 2/23 [orc/+0 hand axe (6)]
  2205 | D:3      | 2205 ||| READING scroll of identify.
  2205 | D:3      | 2205 ||| IDENTIFYING sedimented blue potion
  2206 | D:3      | 2206 ||| DRINKING 3 black potions.
  2207 | D:3      | 2207 ||| DROPPING potion of berserk rage.
  2249 | D:4      | 2249 ||| STAIRDANCE
  2253 | D:4      | 2253 ||| STAIRDANCE
  2257 | D:3      | Reached XP level 5. HP: 19/26 MP: 6/6
  2323 | D:4      | 2323 ||| STAIRDANCE
  2331 | D:4      | 2331 ||| STAIRDANCE
  2333 | D:3      | 2333 ||| DRINKING 2 potions of curing.
  2333 | D:3      | 2333 ||| (to cure confusion)
  2406 | D:4      | Reached skill level 6 in Ranged Weapons
  2464 | D:4      | Noticed Blork the orc
  2471 | D:4      | Killed Blork the orc
  2472 | D:4      | Reached XP level 6. HP: 24/30 MP: 7/7
  2514 | D:4      | Reached skill level 6 in Dodging
  3324 | D:4      | 3324 ||| UPGRADING to ring of willpower.
  3325 | D:4      | 3325 ||| READING scroll labelled AGGAIN NOSMAI.
  3326 | D:4      | 3326 ||| READING scroll labelled FUDAOV BIYFIKUKHLU.
  3327 | D:4      | 3327 ||| DRINKING 2 bubbling blue potions.
  3329 | D:4      | 3329 ||| Stepping ~*~*~tactically~*~*~ (cloud).
  3330 | D:4      | 3330 ||| DRINKING potion of curing.
  3330 | D:4      | 3330 ||| (to cure poison)
  3429 | D:5      | Entered Level 5 of the Dungeon
  3430 | D:5      | 3430 ||| STAIRDANCE
  3434 | D:5      | 3434 ||| STAIRDANCE
  3472 | D:5      | 3472 ||| STAIRDANCE
  3492 | D:4      | HP: 2/30 [phantom (7)]
  3493 | D:4      | 3493 ||| DRINKING potion of heal wounds.
  3501 | D:4      | Reached XP level 7. HP: 11/35 MP: 8/8
  3600 | D:5      | 3600 ||| STAIRDANCE
  3608 | D:4      | Reached skill level 7 in Ranged Weapons
  3686 | D:5      | 3686 ||| READING scroll of enchant weapon.
  3686 | D:5      | 3686 ||| ENCHANTING +1 shortbow.
  3806 | D:5      | 3806 ||| FLEEEEING.
  3808 | D:5      | 3808 ||| FLEEEEING.
  3810 | D:5      | 3810 ||| FLEEEEING.
  3812 | D:5      | 3812 ||| FLEEEEING.
  3814 | D:5      | 3814 ||| FLEEEEING.
  3816 | D:5      | 3816 ||| FLEEEEING.
  3818 | D:5      | 3818 ||| FLEEEEING.
  3820 | D:5      | 3820 ||| FLEEEEING.
  3822 | D:5      | 3822 ||| FLEEEEING.
  3863 | D:5      | 3863 ||| RETREEEEATING.
  3866 | D:5      | Reached skill level 8 in Ranged Weapons
  3882 | D:5      | HP: 2/35 [orc wizard/magic dart (7)]
  3883 | D:5      | Slain by an orc

Levels and vault maps discovered:
D:1:      nicolae_arrival_washed_ashore, layout_rooms,
          hellmonk_ecumenical_altar_slurped_away
D:2:      layout_basic, serial_shops, nicolae_shop_waterfront, bh_walls_and_bars
D:3:      layout_loops_ring
D:4:      layout_basic, hangedman_abyss_or_decor_passed,
          small_statue_intersection, uniq_blork_the_orc
D:5:      cheibrodos_barr_body, layout_rooms, minmay_misc_feat_pillars

Skill      XL: |  1  2  3  4  5  6  7 |
---------------+----------------------+-----
Dodging        | 3 4 5 6 7 |  7.2
Ranged Weapons | 5 6 8 |  8.0
Fighting       | 2 |  2.4
Stealth        | |  1.5

Action                     |  1- 3 |  4- 6 |  7- 9 || total
---------------------------+-------+-------+-------++-------
   Fire: Shortbow          |   125 |   138 |    75 ||   338
    Use: Scroll            |     3 |     7 |     1 ||    11
         Potion            |       |     5 |       ||     5
 Armour: Robe              |    14 |    33 |    23 ||    70
  Dodge: Dodged            |    38 |   101 |    65 ||   204

Table legend:
 A = Non-vault XP
 B = Vault XP
 C = Vault XP percentage of total XP
 D = Non-vault monster count
 E = Vault monster count
 F = Vault count percentage of total count
                 A         B        C        D         E       F
            +---------+---------+-------+---------+---------+-------
      Total |    1240 |     101 |   7.5 |      98 |       2 |   2.0
            +---------+---------+-------+---------+---------+-------
        D:1 |      44 |       2 |   4.3 |      23 |       1 |   4.2
        D:2 |      53 |       0 |   0.0 |      21 |       0 |   0.0
        D:3 |     134 |       0 |   0.0 |      26 |       0 |   0.0
        D:4 |     498 |      99 |  16.6 |      18 |       1 |   5.3
        D:5 |     511 |       0 |   0.0 |      10 |       0 |   0.0
            +---------+---------+-------+---------+---------+-------
